IL
IOWA CUBS @ LAS VEGAS 51S
05/23/2048
 
TOP OF THE 1ST
Iowa Cubs batting - Pitching for Las Vegas 51s : RHP Tony Castellanos
Pitching: RHP Tony Castellanos
Batting: SHB Seung-ho Zhang 0-0: Called Strike
0-1: SINGLE (Groundball, 3S, EV 74.4 MPH) (infield hit)
Batting: RHB Jon Aguilar 0-0: Called Strike
Seung-ho Zhang is caught stealing 2nd base 2-4
0-1: Ball
1-1: Ground out 4-3 (Groundball, 4, EV 110.0 MPH)
Batting: LHB Mark Ingram 0-0: Called Strike
0-1: Ball
1-1: Ball
2-1: Ball
3-1: Called Strike
3-2: Fly out, F8 (Flyball, 8RD, EV 90.0 MPH)
Top of the 1st over - 0 runs, 1 hit, 0 errors, 0 left on base; Iowa 0 - Las Vegas 0
BOTTOM OF THE 1ST
Las Vegas 51s batting - Pitching for Iowa Cubs : RHP Willie Ramos
Pitching: RHP Willie Ramos
Batting: SHB Jason Larson 0-0: Ball
1-0: Ground out 1-3 (Groundball, 13, EV 68.1 MPH)
Batting: LHB Jose Chavez 0-0: Ball
1-0: Foul Ball, location: 2F
1-1: SOLO HOME RUN (Flyball, 9D, EV 95.0 MPH), Distance : 378 ft
Batting: RHB Josh Jones 0-0: Ball
1-0: Fly out, F9 (Flyball, 9, EV 84.4 MPH)
Batting: LHB Bill Armijo 0-0: Swinging Strike
0-1: Ball
1-1: Ball
2-1: Ball
3-1: Swinging Strike
3-2: Strikes out swinging
Bottom of the 1st over - 1 run, 1 hit, 0 errors, 0 left on base; Iowa 0 - Las Vegas 1
TOP OF THE 2ND
Iowa Cubs batting - Pitching for Las Vegas 51s : RHP Tony Castellanos
Batting: RHB Ricardo Aguinaga 0-0: Called Strike
0-1: Ball
1-1: Ball
2-1: Ball
3-1: Foul Ball, location: 2F
3-2: Base on Balls
Batting: SHB Gabriel Cruz 0-0: Ball
1-0: SINGLE (Groundball, 56D, EV 100.6 MPH)
Ricardo Aguinaga to second
Batting: RHB Adam O'Hare 0-0: Ball
1-0: Foul Ball, location: 2F
1-1: Called Strike
1-2: Ball
2-2: Strikes out swinging
Batting: RHB Brian Gargis 0-0: Fielders Choice at 2nd, 6-4 (Groundball, 6, EV 104.4 MPH)
Ricardo Aguinaga to third
Batting: RHB Pat Barton 0-0: Ball
1-0: Fly out, F7 (Flyball, 78S, EV 93.1 MPH)
Top of the 2nd over - 0 runs, 1 hit, 0 errors, 2 left on base; Iowa 0 - Las Vegas 1
BOTTOM OF THE 2ND
Las Vegas 51s batting - Pitching for Iowa Cubs : RHP Willie Ramos
Batting: RHB Ken Fitzpatrick 0-0: Ball
1-0: Called Strike
1-1: SOLO HOME RUN (Flyball, 7D, EV 102.5 MPH), Distance : 377 ft
Batting: SHB Nelson Powell 0-0: Called Strike
0-1: Fly out, F8 (Flyball, 78S, EV 90.6 MPH)
Batting: RHB Devine Adams 0-0: Foul Ball, location: 2F
0-1: Ground out 6-3 (Groundball, 6M, EV 87.5 MPH)
Batting: RHB Roger Renteria 0-0: Called Strike
0-1: SINGLE (Groundball, 56D, EV 96.9 MPH)
Batting: RHB Alex Vasquez 0-0: Ball
Wild Pitch!
Roger Renteria to second
1-0: Fly out, F9 (Flyball, 9D, EV 107.5 MPH)
Bottom of the 2nd over - 1 run, 2 hits, 0 errors, 1 left on base; Iowa 0 - Las Vegas 2
TOP OF THE 3RD
Iowa Cubs batting - Pitching for Las Vegas 51s : RHP Tony Castellanos
Batting: RHB Rich Thurman 0-0: Ball
1-0: Foul Ball, location: 2F
1-1: Foul Ball, location: 2F
1-2: Ball
2-2: Foul Ball, location: 2F
2-2: Ball
3-2: Strikes out swinging
Batting: SHB Seung-ho Zhang 0-0: Ball
1-0: Ball
2-0: Called Strike
2-1: Called Strike
2-2: Ball
3-2: Foul Ball, location: 2F
3-2: Strikes out swinging
Batting: RHB Jon Aguilar 0-0: Ball
1-0: Foul Ball, location: 2F
1-1: Swinging Strike
1-2: Foul Ball, location: 2F
1-2: Fly out, F8 (Flyball, 8LS, EV 92.5 MPH)
Top of the 3rd over - 0 runs, 0 hits, 0 errors, 0 left on base; Iowa 0 - Las Vegas 2
BOTTOM OF THE 3RD
Las Vegas 51s batting - Pitching for Iowa Cubs : RHP Willie Ramos
Batting: SHB Jason Larson 0-0: Ball
1-0: Foul Ball, location: 2F
1-1: Called Strike
1-2: Foul Ball, location: 2F
1-2: Ground out 4-3 (Groundball, 34, EV 90.0 MPH)
Batting: LHB Jose Chavez 0-0: Called Strike
0-1: Fly out, F6 (Popup, 6M, EV 62.5 MPH)
Batting: RHB Josh Jones 0-0: Fly out, F8 (Line Drive, 8LD, EV 88.1 MPH)
Bottom of the 3rd over - 0 runs, 0 hits, 0 errors, 0 left on base; Iowa 0 - Las Vegas 2
TOP OF THE 4TH
Iowa Cubs batting - Pitching for Las Vegas 51s : RHP Tony Castellanos
Batting: LHB Mark Ingram 0-0: Foul Ball, location: 2F
0-1: Ground out 6-3 (Groundball, 6, EV 82.5 MPH)
Batting: RHB Ricardo Aguinaga 0-0: Foul Ball, location: 2F
0-1: Ball
1-1: Ground out 6-3 (Groundball, 6, EV 91.2 MPH)
Batting: SHB Gabriel Cruz 0-0: Called Strike
0-1: Ground out 4-3 (Groundball, 4M, EV 87.5 MPH)
Top of the 4th over - 0 runs, 0 hits, 0 errors, 0 left on base; Iowa 0 - Las Vegas 2
BOTTOM OF THE 4TH
Las Vegas 51s batting - Pitching for Iowa Cubs : RHP Willie Ramos
Batting: LHB Bill Armijo 0-0: Ball
1-0: Foul Ball, location: 2F
1-1: Ball
2-1: Ball
3-1: Base on Balls
Batting: RHB Ken Fitzpatrick 0-0: Ball
1-0: Hit by Pitch
Bill Armijo to second
Batting: SHB Nelson Powell 0-0: Foul Ball, location: 2F
0-1: Ball
1-1: Ball
2-1: Ball
3-1: Called Strike
3-2: Fly out, F9 (Flyball, 9LD, EV 94.4 MPH)
Runner from 2nd tags up, SAFE at 3rd, no throw by RF
Batting: RHB Devine Adams 0-0: Ball
Ken Fitzpatrick steals 2nd base (no throw)
1-0: Ball
2-0: Called Strike
2-1: Ground out 4-3 (Groundball, 34, EV 91.9 MPH)
Bill Armijo scores
Ken Fitzpatrick to third
Batting: RHB Roger Renteria 0-0: Foul Ball, location: 2F
0-1: Ball
1-1: Foul Ball, location: 2F
1-2: Ground out 6-3 (Groundball, 6, EV 83.1 MPH)
Bottom of the 4th over - 1 run, 0 hits, 0 errors, 1 left on base; Iowa 0 - Las Vegas 3
TOP OF THE 5TH
Iowa Cubs batting - Pitching for Las Vegas 51s : RHP Tony Castellanos
Batting: RHB Adam O'Hare 0-0: Ball
1-0: Swinging Strike
1-1: Ball
2-1: Foul Ball, location: 2F
2-2: Strikes out swinging
Batting: RHB Brian Gargis 0-0: Ball
1-0: Ball
2-0: Ball
3-0: Base on Balls
Batting: RHB Pat Barton 0-0: Ball
1-0: Ball
2-0: Foul Ball, location: 2F
2-1: Foul Ball, location: 2F
2-2: Grounds into double play, 4-6-3 (Groundball, 4S, EV 81.2 MPH)
Top of the 5th over - 0 runs, 0 hits, 0 errors, 0 left on base; Iowa 0 - Las Vegas 3
BOTTOM OF THE 5TH
Las Vegas 51s batting - Pitching for Iowa Cubs : RHP Willie Ramos
Batting: RHB Alex Vasquez 0-0: Ball
1-0: Foul Ball, location: 2F
1-1: Ball
2-1: Ball
3-1: Foul Ball, location: 2F
3-2: Base on Balls
Batting: SHB Jason Larson 0-0: Called Strike
0-1: Fielders Choice at 2nd, 4-6 (Groundball, 4, EV 82.5 MPH)
Batting: LHB Jose Chavez 0-0: Ball
Jason Larson steals 2nd base
1-0: Foul Ball, location: 2F
1-1: Foul Ball, location: 2F
1-2: Strikes out looking
Batting: RHB Josh Jones 0-0: Fly out, F8 (Flyball, 8RD, EV 85.6 MPH)
Bottom of the 5th over - 0 runs, 0 hits, 0 errors, 1 left on base; Iowa 0 - Las Vegas 3
TOP OF THE 6TH
Iowa Cubs batting - Pitching for Las Vegas 51s : RHP Tony Castellanos
Batting: RHB Rich Thurman 0-0: Called Strike
0-1: Foul Ball, location: 2F
0-2: Ball
1-2: Ground out 5-3 (Groundball, 56S, EV 85.0 MPH)
Batting: SHB Seung-ho Zhang 0-0: Ball
1-0: Swinging Strike
1-1: Ball
2-1: Ground out 1-3 (Groundball, 13S, EV 64.4 MPH)
Batting: RHB Jon Aguilar 0-0: SINGLE (Groundball, P, EV 82.5 MPH) (infield hit)
Batting: LHB Mark Ingram 0-0: Ball
1-0: DOUBLE (Flyball, 8LXD, EV 106.2 MPH)
Jon Aguilar to third
Runner from 3rd tries for Home, SAFE, throw by CF to home
Batting: RHB Ricardo Aguinaga 0-0: Called Strike
0-1: Foul Ball, location: 2F
0-2: Strikes out swinging
Top of the 6th over - 1 run, 2 hits, 0 errors, 1 left on base; Iowa 1 - Las Vegas 3
BOTTOM OF THE 6TH
Las Vegas 51s batting - Pitching for Iowa Cubs : RHP Willie Ramos
Batting: LHB Bill Armijo 0-0: Called Strike
0-1: Swinging Strike
0-2: Ball
1-2: Strikes out looking
Batting: RHB Ken Fitzpatrick 0-0: Ball
1-0: Fly out, F8 (Line Drive, 8RD, EV 92.5 MPH)
Batting: SHB Nelson Powell 0-0: Swinging Strike
0-1: Foul Ball, location: 2F
0-2: Ball
1-2: Ball
2-2: Fly out, F4 (Popup, 13S, EV 81.9 MPH)
Bottom of the 6th over - 0 runs, 0 hits, 0 errors, 0 left on base; Iowa 1 - Las Vegas 3
TOP OF THE 7TH
Iowa Cubs batting - Pitching for Las Vegas 51s : RHP Tony Castellanos
Batting: SHB Gabriel Cruz 0-0: SOLO HOME RUN (Flyball, 9D, EV 104.4 MPH), Distance : 401 ft
Batting: RHB Adam O'Hare 0-0: Ball
1-0: Called Strike
1-1: Foul Ball, location: 2F
1-2: Ground out 3-1 (Groundball, 34, EV 77.5 MPH)
Batting: RHB Brian Gargis 0-0: Foul Ball, location: 2F
0-1: Ball
1-1: Ball
2-1: Ground out 6-3 (Groundball, 6, EV 86.9 MPH)
Batting: RHB Pat Barton 0-0: Ground out 6-3 (Groundball, 6, EV 85.0 MPH)
Top of the 7th over - 1 run, 1 hit, 0 errors, 0 left on base; Iowa 2 - Las Vegas 3
BOTTOM OF THE 7TH
Las Vegas 51s batting - Pitching for Iowa Cubs : RHP Willie Ramos
Batting: RHB Devine Adams 0-0: Ball
1-0: Swinging Strike
1-1: Swinging Strike
1-2: Foul Ball, location: 2F
1-2: Ball
2-2: Strikes out swinging
Batting: RHB Roger Renteria 0-0: Ball
1-0: Called Strike
1-1: SINGLE (Groundball, 6MD, EV 95.6 MPH)
Batting: RHB Alex Vasquez 0-0: Fielders Choice at 2nd, 5-4 (Groundball, 56, EV 91.2 MPH)
Batting: SHB Jason Larson 0-0: Fly out, F8 (Flyball, 8RXD, EV 86.9 MPH)
Bottom of the 7th over - 0 runs, 1 hit, 0 errors, 1 left on base; Iowa 2 - Las Vegas 3
TOP OF THE 8TH
Iowa Cubs batting - Pitching for Las Vegas 51s : RHP Tony Castellanos
Batting: RHB Rich Thurman 0-0: Foul Ball, location: 2F
0-1: Foul Ball, location: 2F
0-2: Ball
1-2: Ball
2-2: Ball
3-2: Ground out 2-3 (Groundball, 2R, EV 62.5 MPH)
Batting: SHB Seung-ho Zhang 0-0: Ball
1-0: Ball
2-0: SINGLE (Flyball, 5D, EV 85.6 MPH)
Batting: RHB Jon Aguilar 0-0: Foul Ball, location: 2F
0-1: Grounds out, U3 (Groundball, 3L, EV 84.4 MPH)
Pitching: LHP Ken Dewey
Batting: LHB Mark Ingram 0-0: Ball
1-0: DOUBLE (Line Drive, 9LM, EV 100.0 MPH)
Seung-ho Zhang scores
Batting: RHB Ricardo Aguinaga 0-0: Ball
1-0: Single, Error in OF, E8, batter to second base (Line Drive, 6M, EV 100.0 MPH)
Mark Ingram scores
Batting: SHB Gabriel Cruz 0-0: Ball
1-0: Called Strike
1-1: Ball
2-1: Swinging Strike
2-2: Strikes out swinging
Top of the 8th over - 2 runs, 3 hits, 1 error, 1 left on base; Iowa 4 - Las Vegas 3
BOTTOM OF THE 8TH
Las Vegas 51s batting - Pitching for Iowa Cubs : RHP Willie Ramos
Batting: LHB Jose Chavez 0-0: Called Strike
0-1: Ball
1-1: Ball
2-1: Ball
3-1: Base on Balls
Pitching: LHP Jose Urena
Batting: RHB Josh Jones 0-0: Ball
1-0: Ball
2-0: Called Strike
2-1: Foul Ball, location: 2F
2-2: Foul Ball, location: 2F
2-2: Grounds into double play, 4-6-3 (Groundball, 4, EV 94.4 MPH)
Batting: LHB Bill Armijo 0-0: Swinging Strike
0-1: Ground out U3 (Groundball, 34S, EV 70.6 MPH)
Bottom of the 8th over - 0 runs, 0 hits, 0 errors, 0 left on base; Iowa 4 - Las Vegas 3
TOP OF THE 9TH
Iowa Cubs batting - Pitching for Las Vegas 51s : LHP Ken Dewey
Batting: RHB Adam O'Hare 0-0: Foul Ball, location: 2F
0-1: Foul Ball, location: 2F
0-2: Ball
1-2: Foul Ball, location: 2F
1-2: Foul Ball, location: 2F
1-2: SOLO HOME RUN (Line Drive, 9D, EV 106.2 MPH), Distance : 384 ft
Batting: RHB Brian Gargis 0-0: Ground out 5-3 (Groundball, 56S, EV 80.6 MPH)
Batting: RHB Pat Barton 0-0: Ball
1-0: Foul Ball, location: 2F
1-1: Fly out, F9 (Flyball, 89XD, EV 103.8 MPH)
Batting: RHB Rich Thurman 0-0: Called Strike
0-1: Called Strike
0-2: Ball
1-2: Ball
2-2: Strikes out looking
Top of the 9th over - 1 run, 1 hit, 0 errors, 0 left on base; Iowa 5 - Las Vegas 3
BOTTOM OF THE 9TH
Las Vegas 51s batting - Pitching for Iowa Cubs : LHP Jose Urena
Pitching: RHP Josh Ready
Now at 1B: Tony Mendez
Batting: RHB Ken Fitzpatrick 0-0: Ball
1-0: Foul Ball, location: 2F
1-1: Ground out 4-3 (Groundball, 4D, EV 78.8 MPH)
Batting: SHB Nelson Powell 0-0: Called Strike
0-1: Ball
1-1: Ball
2-1: Ball
3-1: Base on Balls
Pinch Hitting: SHB Harrison Feist 0-0: Called Strike
0-1: Fly out, F8 (Flyball, 8LXD, EV 93.8 MPH)
Pinch Hitting: LHB Adam Hairston 0-0: Ball
1-0: Ball
2-0: Called Strike
2-1: Called Strike
2-2: DOUBLE (Line Drive, 7LS, EV 108.8 MPH)
Nelson Powell to third
Batting: RHB Alex Vasquez 0-0: Ball
1-0: Foul Ball, location: 2F
1-1: Fly out, F9 (Flyball, 9D, EV 99.4 MPH)
Bottom of the 9th over - 0 runs, 1 hit, 0 errors, 2 left on base; Iowa 5 - Las Vegas 3
Tuesday, March 28th , 2023 - OOTP Baseball 23.10 Build 110